Cogmind - Beta 15 @@@ ROGUE MODE // 2025.08.15 @ 19:59:02 Player: Zen9890 Result: Destroyed self via exploding Z-Power Performance ------------- Evolutions (3) 1500 Regions Visited (10) 2000 Robots Destroyed (96) 480 Value Destroyed (3295) 3295 Prototype IDs (15) 300 Alien Tech Used (0) 0 Bonus (2040) 2040 TOTAL SCORE: 9615 Bonus ------- High Alert Combat Kills 37 Follower Combat Kills 410 Met Imprinter 300 Was Imprinted 300 Destroyed Z-Imprinter 1000 Friendly Fire -7 Cogmind --------- Core Integrity 0/700 Matter 300/300 Energy 70/100 System Corruption 0% Temperature Cool (0) Movement Walking (200) Ox1 Location -7/Deep Caves Parts ------- > --- POWER (1) -------- Zionite Light DM Reactor > --- PROPULSION (4) --- Improved Carbon-fiber Leg Makeshift Leg Zionite Glidesys I > --- UTILITY (4) ------ Experimental Heat Sink Large Storage Unit Kinecellerator Zionite Light Carapace > --- WEAPON (4) ------- RU-N14's Throwing Claymores RU-N14's Throwing Claymores RU-N14's Throwing Claymores > --- INVENTORY (15) --- Light Deuterium Engine Advanced Weight Redist. System Structural Scanner Improved Sensor Array Recoil Stabilizer Weapon Cycler Phasing AFG Heavy Beamcaster Gauss Rifle Flak Gun Improved Grenade Launcher Molecular Deconstructor CR-A16's Pointy Stick Self-destruct Interrupter (50) Peak State ------------ > --- POWER ------------ Zionite Light DM Reactor > --- PROPULSION ------- Improved Carbon-fiber Leg Makeshift Leg Zionite Glidesys I > --- UTILITY ---------- Experimental Heat Sink Large Storage Unit Kinecellerator Zionite Light Carapace > --- WEAPON ----------- RU-N14's Throwing Claymores RU-N14's Throwing Claymores RU-N14's Throwing Claymores RU-N14's Throwing Claymores > --- INVENTORY -------- Light Deuterium Engine Advanced Weight Redist. System Structural Scanner Improved Sensor Array Recoil Stabilizer Weapon Cycler Phasing AFG Heavy Beamcaster Gauss Rifle Flak Gun Improved Grenade Launcher Molecular Deconstructor CR-A16's Pointy Stick Self-destruct Interrupter [Rating: 75] Favorites ----------- Power Light Nuclear Core Engine Light Deuterium Engine Power Core Light Nuclear Core Reactor Zionite Light DM Reactor Propulsion Carbon-fiber Leg Treads Light Treads Leg Carbon-fiber Leg Hover Unit Zionite Glidesys I Utility Large Storage Unit Device Improved Sensor Array Storage Large Storage Unit Processor Transport Network Coupler Protection Light Regenerative Plating Weapon Flak Gun Energy Gun Improved Medium Laser Ballistic Gun Flak Gun Ballistic Cannon Gauss Cannon Launcher Improved Grenade Launcher Special Weapon RU-N14's Throwing Claymores Build | -11 -10 -9 -9 -8 -8 -7 -7 -7 -7 -7 ------- Run | Yrd Mat Mat Min Mat Sto Fac Low Low Zio Dee Slots Evolved 6 | . . 2 . 2 . 2 . . . . Power . | . . . . . . . . . . . Propulsion 2 | . . 1 . . . 1 . . . . Utility 2 | . . 1 . . . 1 . . . . Weapon 2 | . . . . 2 . . . . . . Parts Attached 101 | 7 1 17 2 16 17 2 11 10 9 9 Power 14 | 1 . 2 . 2 3 . 2 1 . 3 Engine 4 | 1 . 1 . . . . . 1 . 1 Core 9 | . . 1 . 2 3 . 2 . . 1 Reactor 1 | . . . . . . . . . . 1 Propulsion 29 | 2 . 10 . 4 4 . 3 3 2 1 Treads 2 | . . 2 . . . . . . . . Leg 26 | 2 . 8 . 4 4 . 3 3 2 . Wheel . | . . . . . . . . . . . Hover 1 | . . . . . . . . . . 1 Flight . | . . . . . . . . . . . Utility 25 | 2 1 2 1 1 4 2 3 3 4 2 Device 14 | 1 . . 1 1 2 2 1 1 4 1 Storage 4 | 1 1 1 . . . . . 1 . . Processor 3 | . . 1 . . . . 2 . . . Hackware . | . . . . . . . . . . . Protection 4 | . . . . . 2 . . 1 . 1 Artifact . | . . . . . . . . . . . Weapon 33 | 2 . 3 1 9 6 . 3 3 3 3 Energy Gun 8 | 1 . . . 1 4 . . 1 1 . Energy Cannon . | . . . . . . . . . . . Ballistic Gun 12 | 1 . 3 . 6 1 . . 1 . . Ballistic Cannon 3 | . . . . 1 . . . 1 1 . Launcher 5 | . . . 1 1 1 . 2 . . . Special Weapon 5 | . . . . . . . 1 . 1 3 Impact Weapon . | . . . . . . . . . . . Slashing Weapon . | . . . . . . . . . . . Piercing Weapon . | . . . . . . . . . . . Special Melee Weapon . | . . . . . . . . . . . Unidentified Prototypes 12 | . . . . . 5 . 1 . 2 4 Corrupted Parts 1 | . . . . . . . 1 . . . System Corruption 2 | . . . . . . . 2 . . . Parts Lost 25 | . . 5 . 1 . . 1 13 . 5 Power 5 | . . 1 . . . . . 2 . 2 Propulsion 8 | . . 1 . . . . 1 4 . 2 Utility 4 | . . 1 . . . . . 2 . 1 Weapon 8 | . . 2 . 1 . . . 5 . . Highest Loss Streak 13 | . . 2 . 1 . . 1 13 . 5 To Critical Strikes 1 | . . . . . . . . 1 . . Average Backups 13 | 3 6 12 13 14 14 14 14 10 13 12 Power 1 | 1 1 1 2 1 . 1 1 1 2 1 Propulsion 1 | 1 2 3 6 5 1 . . . . . Utility 6 | . . 3 2 3 7 9 8 6 6 5 Weapon 4 | 1 2 3 3 3 4 4 5 2 4 6 Tool/Special . | . . . . . . . . . . . Unused Backups 14 | . . . . 4 4 . . . 3 3 Power 1 | . . . . . 1 . . . . . Propulsion 2 | . . . . 2 . . . . . . Utility 8 | . . . . 1 2 . . . 3 2 Weapon 2 | . . . . . 1 . . . . 1 Tool/Special 1 | . . . . 1 . . . . . . Average Slot Usage (%) 92 | . 100 95 97 97 99 97 97 67 93 93 Engine 3 | . 14 10 . . . . . 4 7 3 Core 3 | . . . 11 9 9 7 7 . . . Leg 25 | . 28 28 33 27 26 28 30 18 24 19 Device 14 | . 14 9 8 9 12 13 10 11 20 19 Storage 7 | . 14 11 11 9 9 7 7 5 7 7 Processor 2 | . . 11 11 9 . . 4 . . . Protection 3 | . . . . . 5 8 7 5 1 2 Energy Gun 8 | . 14 3 . . 16 13 15 4 7 1 Ballistic Gun 13 | . 14 18 13 23 16 15 6 7 15 3 Ballistic Cannon 1 | . . . . 6 . . . 4 1 . Launcher 1 | . . . 8 2 2 . 4 1 . . Special Weapon 3 | . . . . . . . 1 . 5 23 Peak Build Rating 75 | 7 8 14 16 34 40 46 58 49 62 75 Average Rating 40 | 5 7 10 14 23 37 44 49 32 53 67 On Entrance 28 | . 7 8 14 16 34 40 45 49 45 58 Naked Turns 20 | . . . . . . . . 20 . . Heaviest Build 71 | 14 19 32 31 42 48 51 50 52 71 68 Greatest Support 70 | 20 20 30 36 51 56 58 68 68 70 70 Greatest Overweight (x) 2 | . . 1 1 1 2 . . 2 1 1 Average Overweight (x) . | . . . . . . . . . . . Largest Inventory Capacity 15 | 8 10 15 15 15 15 15 15 15 15 15 Average Capacity 14 | 7 8 13 15 15 15 15 15 13 15 15 Most Carried 15 | 6 10 15 15 15 15 15 15 15 15 15 Average Carried 13 | 3 6 12 13 14 14 14 14 11 14 14 Final Capacity 15 | 8 10 15 15 15 15 15 15 15 15 15 Final Carried 15 | 5 10 15 15 15 15 15 15 15 15 15 Class Distribution -------------------- 24% | Derelict-Gunner 12% | Scavenger-Skirmisher 12% | Derelict-Skirmisher 11% | Commander-Gunner 9% | Scavenger-Mutant 8% | Commander-Skirmisher 7% | Mutant 4% | Skirmisher 3% | Derelict-Mutant 3% | Scavenger-Gunner Dominant Class ---------------- Mutant | -10/Materials Scavenger-Mutant | -9/Materials Scavenger-Mutant | -9/Mines Scavenger-Skirmisher | -8/Materials Commander-Gunner | -8/Storage Commander-Skirmisher | -7/Factory Scavenger-Skirmisher | -7/Lower Caves Derelict-Skirmisher | -7/Lower Caves Derelict-Gunner | -7/Zion Derelict-Gunner | -7/Deep Caves Resources | -11 -10 -9 -9 -8 -8 -7 -7 -7 -7 -7 ----------- Run | Yrd Mat Mat Min Mat Sto Fac Low Low Zio Dee Matter Collected 3132 | 263 27 461 30 543 801 90 295 377 160 85 Remotely . | . . . . . . . . . . . Salvage Created 3432 | 64 57 1011 16 458 1030 51 360 131 44 210 Parts 202 | 6 5 60 . 31 59 1 18 8 1 13 Haulers Intercepted 8 | . 1 2 . . 5 . . . . . Recyclers Shooed 4 | 1 . 1 . . 2 . . . . . Parts Field Recycled . | . . . . . . . . . . . Retrieved Matter . | . . . . . . . . . . . Parts Self-Destructed 25 | . . . . . . . 15 9 1 . Prevented 1 | . . . . . . . . 1 . . Kills | -11 -10 -9 -9 -8 -8 -7 -7 -7 -7 -7 ------- Run | Yrd Mat Mat Min Mat Sto Fac Low Low Zio Dee Combat Hostiles Destroyed 78 | . . 20 . 12 21 1 9 9 . 6 Guns 53 | . . 20 . 5 21 1 5 1 . . Cannons 5 | . . . . 5 . . . . . . AOE 17 | . . . . 1 . . 3 7 . 6 Classes Destroyed 15 | 1 1 4 . 4 1 . 2 . . 2 Worker 3 | . . 1 1 . 1 . . . . . Builder 1 | . . . . . 1 . . . . . Tunneler 3 | 3 . . . . . . . . . . Hauler 8 | . 1 2 . . 5 . . . . . Recycler 1 | . . . . 1 . . . . . . Watcher 1 | . . 1 . . . . . . . . Swarmer 14 | . . . . 3 7 . . 4 . . Grunt 35 | . . 18 . 5 5 1 4 2 . . Brawler 1 | . . . . 1 . . . . . . Sentry 12 | . . 2 . 1 8 . . 1 . . Specialist 3 | . . . . . . . 3 . . . Hunter 5 | . . . . 2 2 . 1 . . . Programmer 3 | . . . . . . . 1 2 . . Z-Technician 1 | . . . . . . . . . . 1 Z-Light 5 | . . . . . . . . . . 5 Best Kill Streak 9 | 3 1 8 1 4 9 1 3 4 . 3 Combat Bots Only 8 | . . 4 . 4 8 1 3 4 . 3 Max Kills in Single Turn 2 | 1 1 2 1 1 2 1 2 2 . 2 Gunslinging 1 | . . . . . 1 . . . . . Exploded 2 | . . . . 1 . . 2 2 . 2 Melee . | . . . . . . . . . . . Uniques/NPCs Destroyed 1 | . . . . . . . . . . 1 Z-Imprinter (-7/Deep Caves) Combat | -11 -10 -9 -9 -8 -8 -7 -7 -7 -7 -7 -------- Run | Yrd Mat Mat Min Mat Sto Fac Low Low Zio Dee Hostile Shots Fired 490 | . . 145 . 46 96 1 75 90 . 37 Missed 135 | . . 38 . 12 34 . 19 21 . 11 Hits 355 | . . 107 . 34 62 1 56 69 . 26 Melee 1 | . . . . . . . 1 . . . Projectile 354 | . . 107 . 34 62 1 55 69 . 26 Critical Strikes 13 | . . 3 . 1 3 . 3 3 . . Part Disruptions 4 | . . . . . . . 3 1 . . Damage Taken 6528 | . . 1351 63 503 1024 14 975 1623 . 975 Core 1071 | . . 218 . 60 44 . 76 404 . 269 Absorbed by Shields . | . . . . . . . . . . . Regen/Repaired (Parts) 769 | . . 87 . 86 358 95 127 16 . . Core Remaining (%) 81 | 100 100 . 45 . 81 . . . . . Volleys Fired 211 | 7 3 84 . 28 44 2 21 16 1 5 Largest 4 | 2 2 2 . 4 4 4 4 4 4 4 Hottest 184 | 70 70 70 . 161 176 168 184 184 137 . Shots Fired 554 | 14 6 166 . 104 151 8 51 42 4 8 Gun 486 | 14 6 166 . 75 147 8 40 27 3 . Cannon 31 | . . . . 27 . . . 4 . . Launcher 23 | . . . . 2 4 . 7 10 . . Special 14 | . . . . . . . 4 1 1 8 Kinetic 381 | 7 3 140 . 101 93 4 15 16 2 . Thermal 115 | 7 3 26 . 1 34 4 25 14 1 . Explosive 29 | . . . . 2 1 . 7 10 1 8 Electromagnetic 24 | . . . . . 23 . . 1 . . Robot Hit Streak 16 | 4 7 16 . 4 12 2 7 6 5 5 Robot Miss Streak 10 | 4 . 3 . 7 10 3 8 4 2 5 Penetration Max . | . . . . . . . . . . . Secondary Targets 12 | . . 3 . . 9 . . . . . Max Gunslinging Chain 2 | . . 1 . . 2 . . . . . Shots Hit Robots 361 | 6 6 133 . 43 101 4 38 23 2 5 Core Hits 255 | 4 2 56 . 26 97 5 29 23 1 12 Critical Kills . | . . . . . . . . . . . Critical Parts Destroyed 2 | . . 1 . 1 . . . . . . Critical Strikes 9 | . . 2 . 3 . . 4 . . . Burn 5 | . . 1 . . . . 4 . . . Destroy 2 | . . 1 . 1 . . . . . . Blast 2 | . . . . 2 . . . . . . Melee Attacks . | . . . . . . . . . . . Impact . | . . . . . . . . . . . Slashing . | . . . . . . . . . . . Piercing . | . . . . . . . . . . . Sneak Attacks . | . . . . . . . . . . . Combat Hostiles . | . . . . . . . . . . . Follow-up Attacks . | . . . . . . . . . . . Damage Inflicted 8090 | 80 61 1562 20 875 2066 79 1046 1091 26 1184 Guns 4792 | 80 61 1533 . 392 1702 79 647 272 26 . Cannons 424 | . . . . 369 . . . 55 . . Explosions 2556 | . . . . 107 323 . 399 738 . 989 Melee . | . . . . . . . . . . . Ramming 123 | . . 29 20 7 41 . . 26 . . Kinetic 3808 | 17 23 1300 . 761 1116 45 293 227 26 . Thermal 1228 | 63 38 233 . . 406 34 354 100 . . Explosive 2318 | . . . . 107 85 . 399 738 . 989 Electromagnetic 418 | . . . . . 418 . . . . . Impact . | . . . . . . . . . . . Slashing 195 | . . . . . . . . . . 195 Piercing . | . . . . . . . . . . . Highest Corruption 8 | . . . . . . . 5 8 8 . Average Corruption 6 | . . . . . . . 4 7 8 . Corruption Purged . | . . . . . . . . . . . Corruption Blocked . | . . . . . . . . . . . Effects 45 | . . . . . . . 10 34 1 . Message Errors 9 | . . . . . . . 1 8 . . Matter Fused 15 | . . . . . . . 4 11 . . Heat Flow Errors 7 | . . . . . . . 2 4 1 . Energy Discharges 4 | . . . . . . . 1 3 . . Parts Fused 1 | . . . . . . . . 1 . . Data Loss (minor) 5 | . . . . . . . 1 4 . . Data Loss (major) 1 | . . . . . . . . 1 . . Misfires 2 | . . . . . . . . 2 . . Weapon Failures 1 | . . . . . . . 1 . . . Overload Shots . | . . . . . . . . . . . Overflow Damage 55 | . . . 5 . . . . 6 . 44 Projectiles 8 | . . . . . . . . . . 8 Explosions 42 | . . . . . . . . 6 . 36 Melee 5 | . . . 5 . . . . . . . Knockbacks 9 | . . . . 4 3 . . 2 . . Impact 3 | . . . . . 3 . . . . . Kinetic 5 | . . . . 3 . . . 2 . . Secondary 1 | . . . . 1 . . . . . . Self-Inflicted Damage 642 | . . . . . 66 . 34 102 . 440 Shots 9 | . . . . . 3 . 1 4 . 1 Rammed 2 | . . . . . . . . 2 . . Targets Rammed 32 | . . 5 1 2 8 . . 16 . . Kicked 30 | . . 5 1 2 8 . . 14 . . Crushed . | . . . . . . . . . . . Highest Temperature 619 | 60 70 290 . 177 264 225 280 619 195 4 Average Temperature 105 | 26 41 87 . 52 92 114 115 258 79 2 Received Heat Transfer 1860 | . . 789 . 171 324 9 126 207 . 234 Effects 23 | . . 1 . . 3 . 2 17 . . Shutdowns 2 | . . . . . . . . 2 . . Energy Bleed 3 | . . 1 . . . . . 2 . . Interference 5 | . . . . . 3 . 2 . . . Matter Decay 1 | . . . . . . . . 1 . . Short Circuit 2 | . . . . . . . . 2 . . Damage (minor) 1 | . . . . . . . . 1 . . Damage (major) 8 | . . . . . . . . 8 . . Damage (core) 1 | . . . . . . . . 1 . . Siege Activations . | . . . . . . . . . . . Martial Activations . | . . . . . . . . . . . Shielding Activations . | . . . . . . . . . . . Robots Disrupted . | . . . . . . . . . . . Combat Hostiles . | . . . . . . . . . . . Robots Corrupted 1 | . . . 1 . . . . . . . Combat Hostiles . | . . . . . . . . . . . Parts Fried . | . . . . . . . . . . . Impact Corruptions 1 | . . . 1 . . . . . . . Robots Melted . | . . . . . . . . . . . Combat Hostiles . | . . . . . . . . . . . Parts Melted 6 | . . 1 . . . . 5 . . . Heat Transferred 3147 | 185 111 777 . . 779 74 1036 185 . . Parts Sabotaged . | . . . . . . . . . . . Parts Stolen . | . . . . . . . . . . . Parts Stripped . | . . . . . . . . . . . Power Chain Reactions 2 | . . . . . 2 . . . . . Alert | -11 -10 -9 -9 -8 -8 -7 -7 -7 -7 -7 ------- Run | Yrd Mat Mat Min Mat Sto Fac Low Low Zio Dee Maximum Alert Level 2 | . . 1 . . 2 . . . . . Low Security (%) 55 | 100 100 85 100 100 4 100 . . . . Level 1 37 | . . 14 . . 78 . . . . . Level 2 7 | . . . . . 16 . . . . . Level 3 . | . . . . . . . . . . . Level 4 . | . . . . . . . . . . . Level 5 . | . . . . . . . . . . . High Security . | . . . . . . . . . . . Max Security . | . . . . . . . . . . . Peak Influence 454 | 10 7 238 86 194 454 196 . . . . Initial 196 | . . . 86 . 65 196 . . . . Average 189 | 1 . 107 27 89 321 151 . . . . Influence Increases 2703 | 15 7 536 5 408 1175 65 265 220 7 . Destroy 0b10 Robot/C 1740 | . . 400 . 240 660 40 220 180 . . Destroy 0b10 Robot/NC 95 | 15 5 20 5 5 40 . . . 5 . Destroy Leader 370 | . 2 86 . 50 192 10 20 10 . . Allied During Kill 240 | . . . . . 198 15 25 . 2 . Successful Hack 33 | . . . . 16 17 . . . . . Disable Machine 90 | . . . . 45 45 . . . . . Destroy Structure 45 | . . . . 22 23 . . . . . Lose Combat Pursuer 90 | . . 30 . 30 . . . 30 . . Influence Decreases 2703 | 15 7 314 227 254 898 375 386 220 7 . Entered New Map 506 | . . . 136 . 89 235 46 . . . Time Decay 1722 | 15 7 264 91 244 559 130 245 160 7 . Lost Part 130 | . . 50 . 10 . . 10 60 . . Lost Ally 195 | . . . . . 100 10 85 . . . Purge Threat 150 | . . . . . 150 . . . . . Squads Dispatched 13 | . 1 1 . 2 8 1 . . . . Investigation 5 | . . . . 1 3 1 . . . . Extermination . | . . . . . . . . . . . Reinforcement 5 | . 1 1 . 1 2 . . . . . Assault . | . . . . . . . . . . . Garrison 3 | . . . . . 3 . . . . . Intercept . | . . . . . . . . . . . Searches Triggered . | . . . . . . . . . . . Construction Impeded 1 | . . . . 1 . . . . . . Haulers Reinforced . | . . . . . . . . . . . Active Scanning Responses . | . . . . . . . . . . . Cargo Convoy Interrupts . | . . . . . . . . . . . Stealth | -11 -10 -9 -9 -8 -8 -7 -7 -7 -7 -7 --------- Run | Yrd Mat Mat Min Mat Sto Fac Low Low Zio Dee Distress Signals 9 | . 1 4 . . 4 . . . . . Communications Jammed . | . . . . . . . . . . . Distress Signals . | . . . . . . . . . . . Times Spotted 128 | . 2 37 . 17 39 2 11 15 . 5 Peak Tracking Total 6 | . 4 5 . 4 6 2 3 5 . 3 Tactical Retreats 5 | . . 2 . 2 . . . 1 . . Traps | -11 -10 -9 -9 -8 -8 -7 -7 -7 -7 -7 ------- Run | Yrd Mat Mat Min Mat Sto Fac Low Low Zio Dee Traps Triggered 7 | . . . 1 1 5 . . . . . Indirectly 1 | . . . . . 1 . . . . . Trap Hack Attempts . | . . . . . . . . . . . Triggered . | . . . . . . . . . . . Disarmed . | . . . . . . . . . . . Reprogrammed . | . . . . . . . . . . . Reused . | . . . . . . . . . . . Traps Extracted . | . . . . . . . . . . . Installed . | . . . . . . . . . . . Triggered . | . . . . . . . . . . . Machines | -11 -10 -9 -9 -8 -8 -7 -7 -7 -7 -7 ---------- Run | Yrd Mat Mat Min Mat Sto Fac Low Low Zio Dee Machines Disabled 10 | . . . . 3 3 . 1 2 . 1 Max in Single Turn 1 | . . . . 1 1 . 1 1 . 1 Machines Repaired . | . . . . . . . . . . . Machines Dismantled . | . . . . . . . . . . . Machines Sabotaged . | . . . . . . . . . . . Overloaded Fab Kills . | . . . . . . . . . . . Hacking | -11 -10 -9 -9 -8 -8 -7 -7 -7 -7 -7 --------- Run | Yrd Mat Mat Min Mat Sto Fac Low Low Zio Dee Machines Accessed 19 | . 1 1 1 4 10 1 . 1 . . Terminals 9 | . 1 . . 1 7 . . . . . Fabricators . | . . . . . . . . . . . Repair Stations 6 | . . 1 . 2 2 1 . . . . Recycling Units 2 | . . . . 1 1 . . . . . Scanalyzers . | . . . . . . . . . . . Garrison Access . | . . . . . . . . . . . Total Hacks 49 | . 2 2 1 10 29 4 . 1 . . Successful 33 | . 1 2 1 6 18 4 . 1 . . Failed 16 | . 1 . . 4 11 . . . . . Catastrophic 3 | . . . . 1 2 . . . . . Database Lockouts . | . . . . . . . . . . . Manual 13 | . . . . 1 5 . 1 1 5 . Terminals 25 | . 2 . . 4 19 . . . . . Fabricators . | . . . . . . . . . . . Repair Stations 19 | . . 2 . 4 9 4 . . . . Recycling Units 3 | . . . . 2 1 . . . . . Scanalyzers . | . . . . . . . . . . . Garrison Access . | . . . . . . . . . . . Terminal Hacks 14 | . 1 . 1 2 9 . . 1 . . Record 1 | . . . . . 1 . . . . . Prototype ID Bank 2 | . . . . 1 1 . . . . . Open Door 4 | . . . 1 . 2 . . 1 . . Emergency Access Points 1 | . 1 . . . . . . . . . Unreport Threat 1 | . . . . . 1 . . . . . Registered Components 1 | . . . . . 1 . . . . . Zone Layout 4 | . . . . 1 3 . . . . . Fabricator Hacks . | . . . . . . . . . . . Repair Station Hacks 16 | . . 2 . 2 8 4 . . . . Scan Component 8 | . . 1 . 1 4 2 . . . . Repair 8 | . . 1 . 1 4 2 . . . . Recycling Unit Hacks 2 | . . . . 1 1 . . . . . Report Inventory 2 | . . . . 1 1 . . . . . Scanalyzer . | . . . . . . . . . . . Garrison Access Hacks . | . . . . . . . . . . . Unauthorized Hacks 1 | . . . . 1 . . . . . . Terminals . | . . . . . . . . . . . Fabricators . | . . . . . . . . . . . Repair Stations . | . . . . . . . . . . . Recycling Units 1 | . . . . 1 . . . . . . Monitor 1 | . . . . 1 . . . . . . Scanalyzers . | . . . . . . . . . . . Garrison Access . | . . . . . . . . . . . Data Cores Recovered . | . . . . . . . . . . . Used . | . . . . . . . . . . . Hacking Detections 13 | . 1 . . 3 8 1 . . . . Full Trace Events 4 | . . . . 1 2 1 . . . . Feedback Events . | . . . . . . . . . . . Feedback Blocked . | . . . . . . . . . . . Robot Schematics Acquired 3 | . . . . . . . . . 3 . Robots Built . | . . . . . . . . . . . Authchips . | . . . . . . . . . . . Time . | . . . . . . . . . . . Total Robot Build Rating . | . . . . . . . . . . . Part Schematics Acquired 15 | . . . . . . . . . 15 . Parts Built . | . . . . . . . . . . . Authchips . | . . . . . . . . . . . Time . | . . . . . . . . . . . Total Part Build Rating . | . . . . . . . . . . . Parts Repaired 8 | . . 1 . 1 4 2 . . . . Time 299 | . . 26 . 32 152 89 . . . . Parts Recycled . | . . . . . . . . . . . Recycled Matter . | . . . . . . . . . . . Retrieved Matter . | . . . . . . . . . . . Retrieved Components . | . . . . . . . . . . . Parts Scanalyzed . | . . . . . . . . . . . Part Schematics Acquired . | . . . . . . . . . . . Parts Damaged . | . . . . . . . . . . . Bothacking | -11 -10 -9 -9 -8 -8 -7 -7 -7 -7 -7 ------------ Run | Yrd Mat Mat Min Mat Sto Fac Low Low Zio Dee Used RIF Installer . | . . . . . . . . . . . Robots Hacked . | . . . . . . . . . . . Non-combat . | . . . . . . . . . . . Combat . | . . . . . . . . . . . Robot Hacks Applied . | . . . . . . . . . . . Relay Couplers Released . | . . . . . . . . . . . Fabnet Peak Effective % . | . . . . . . . . . . . Robots Rewired 1 | . . . . . 1 . . . . . Allies Hacked . | . . . . . . . . . . . Hacks Repelled . | . . . . . . . . . . . Allies | -11 -10 -9 -9 -8 -8 -7 -7 -7 -7 -7 -------- Run | Yrd Mat Mat Min Mat Sto Fac Low Low Zio Dee Total Allies 14 | . . . . . 10 . . . 4 . Largest Group 10 | . . . . . 10 4 4 . 4 1 Highest-Rated Group 173 | . . . . . 173 77 77 . 156 38 Highest-Rated Ally 41 | . . . . . 29 29 29 . 41 38 Total Orders 6 | . . . . . . 2 2 2 . . EXPLORE 6 | . . . . . . 2 2 2 . . Ally Attacks 147 | . . . . . 114 2 31 . . . Total Damage 1704 | . . . . . 1300 31 373 . . . Kills 16 | . . . . . 13 1 2 . . . Allies Corrupted 1 | . . . . . . . 1 . . . Allies Melted . | . . . . . . . . . . . Intel | -11 -10 -9 -9 -8 -8 -7 -7 -7 -7 -7 ------- Run | Yrd Mat Mat Min Mat Sto Fac Low Low Zio Dee Active Infowar (turns) 6721 | 44 127 654 312 602 606 268 690 893 2347 178 Optics 368 | . . . . . . . 335 33 . . Sensors 3570 | . . . . . 185 . . 860 2347 178 Structural 1226 | . . . . . 336 268 622 . . . Seismic 735 | 44 127 564 . . . . . . . . T.N.C. 1653 | . . 654 312 602 85 . . . . . Robot Analysis Total . | . . . . . . . . . . . Derelict Logs Recovered 4 | . . . . . . . 3 . 1 . Drone Launches 6 | . . . . . . 2 2 2 . . Drone Recoveries 1 | . . . . . . . . 1 . . Exploration | -11 -10 -9 -9 -8 -8 -7 -7 -7 -7 -7 ------------- Run | Yrd Mat Mat Min Mat Sto Fac Low Low Zio Dee Turns Passed 8423 | 113 127 654 312 602 1650 268 690 993 2347 667 Spaces Moved 4829 | 68 94 241 234 317 920 122 461 735 1276 361 Core 290 | 8 . . . . . . . 282 . . Treads . | . . . . . . . . . . . Legs 4539 | 60 94 241 234 317 920 122 461 453 1276 361 Wheels . | . . . . . . . . . . . Hover . | . . . . . . . . . . . Flight . | . . . . . . . . . . . Fastest Speed 50 | 50 120 120 120 120 120 120 120 50 125 127 Average Speed 142 | 111 120 132 129 128 134 120 120 117 175 173 Slowest Speed 270 | 120 120 190 190 190 270 120 120 196 196 200 Overloaded Moves . | . . . . . . . . . . . Propulsion Burnouts . | . . . . . . . . . . . Robots Hopped . | . . . . . . . . . . . Potential Cave-ins . | . . . . . . . . . . . Cave-ins Triggered . | . . . . . . . . . . . Exploration Rate (%) 46 | 4 21 21 43 25 88 16 87 62 92 48 Regions Visited 10 Branch Regions 6 Pre-discovered Areas 4 | . . . . . 1 . 1 . 2 . Known Exits Taken 1 | . . . . . . . 1 . . . Unknown Exits Taken 9 | 1 1 1 1 1 1 1 . 1 1 . Scrap Searched 8 | . . . 1 . . . 2 2 3 . Spaces Dug 11 | . . . . . . . 11 . . . Terrain Destroyed 211 | . . . . 20 25 . 51 42 19 54 Melee . | . . . . . . . . . . . Projectile 12 | . . . . 9 . . . 2 1 . AOE 199 | . . . . 11 25 . 51 40 18 54 Terrain Rammed . | . . . . . . . . . . . Walls Destroyed . | . . . . . . . . . . . Machines Disabled . | . . . . . . . . . . . Actions | -11 -10 -9 -9 -8 -8 -7 -7 -7 -7 -7 --------- Run | Yrd Mat Mat Min Mat Sto Fac Low Low Zio Dee Total 5932 | 92 102 422 244 447 1230 239 556 824 1383 393 Wait 531 | . . 50 . 46 188 102 38 17 79 11 Move 4819 | 67 93 240 233 316 919 121 460 734 1275 361 Hop . | . . . . . . . . . . . Pick Up 108 | 11 5 14 4 15 19 5 6 19 5 5 Fast Attach 25 | 1 . . . 4 7 . 5 4 4 . Attach 48 | 6 . 7 1 5 1 5 4 12 2 5 Detach 6 | . . 1 . . . 1 2 2 . . Swap 69 | . 1 15 2 13 18 2 7 1 5 5 Drop 78 | . . 6 3 18 22 1 13 3 11 1 Fire 211 | 7 3 84 . 28 44 2 21 16 1 5 Melee . | . . . . . . . . . . . Ram 2 | . . . . . . . . 2 . . Kick 30 | . . 5 1 2 8 . . 14 . . Crush . | . . . . . . . . . . . Escape Stasis . | . . . . . . . . . . . Rewire 5 | . . . . . 4 . . . 1 . Trap . | . . . . . . . . . . . Miscellaneous . | . . . . . . . . . . . Route ------- -11/Scrapyard -10/Materials -9/Materials -9/Mines -8/Materials -8/Storage -7/Factory -7/Lower Caves -7/Lower Caves -7/Zion (discovered 2 exits: [*Dee] / [*Pro]) -7/Deep Caves History --------- Turn | Location | Event 4 | -11/Scrapyard | Discovered new exit (range 16) 114 | -11/Scrapyard | Entered Materials 115 | -10/Materials | Met a group of wandering Federalists 198 | -10/Materials | Discovered new exit (range 3) 241 | -10/Materials | Entered another Materials area 241 | -9/Materials | Evolved 2 slots: Propulsion x1, Utility x1 300 | -9/Materials | Build established: Mutant 630 | -9/Materials | Discovered new exit (range 6) 755 | -9/Materials | Build established: Scavenger-Mutant 821 | -9/Materials | Repaired Aluminum Leg 843 | -9/Materials | Core integrity fell below 50% 895 | -9/Materials | Entered Mines 1168 | -9/Mines | Discovered new exit (range 7) 1183 | -9/Mines | Met a Derelict who couldn't figure out how to use a Trap Extractor 1207 | -9/Mines | Entered Materials 1207 | -8/Materials | Evolved 2 slots: Weapon x2 1252 | -8/Materials | Repaired Hvy. Assault Rifle 1559 | -8/Materials | Build established: Scavenger-Skirmisher 1740 | -8/Materials | Discovered new exit (range 15) 1809 | -8/Materials | Entered Storage 1917 | -8/Storage | Destroyed 8 combat bots 2227 | -8/Storage | Assisted by bots powering up and referring to "LRC-V3" 2338 | -8/Storage | Repaired Carbon-fiber Leg 2517 | -8/Storage | Found Prototype Protection 2517 | -8/Storage | Identified Lgt. Regenerative Plating 2548 | -8/Storage | Garrison activated, responded to threat 2611 | -8/Storage | Repaired Carbon-fiber Leg 2660 | -8/Storage | Repaired Imp. Aluminum Leg 2706 | -8/Storage | Repaired Flak Gun 2830 | -8/Storage | Build established: Commander-Gunner 3249 | -8/Storage | Learned location of Armory (-3) 3433 | -8/Storage | Discovered new exit (range 16) 3459 | -8/Storage | Entered Factory 3459 | -7/Factory | Accompanied by 4 allies 3459 | -7/Factory | Evolved 2 slots: Propulsion x1, Utility x1 3545 | -7/Factory | Repaired Imp. Medium Laser 3601 | -7/Factory | Repaired Carbon-fiber Leg 3696 | -7/Factory | Discovered new exit (range 9) 3727 | -7/Factory | Entered Lower Caves 3727 | -7/Lower Caves | Accompanied by 4 allies 3740 | -7/Lower Caves | Acquired the password to a Derelict Tinkerer's latest research 3779 | -7/Lower Caves | Found Prototype Special Weapon 3781 | -7/Lower Caves | Identified Molecular Deconstructor 3946 | -7/Lower Caves | Learned location of Zion (-7) 4008 | -7/Lower Caves | Caught by Unaware searching for contraband prototypes 4039 | -7/Lower Caves | Caught by Unaware searching for contraband prototypes 4045 | -7/Lower Caves | Lost 4 allies 4190 | -7/Lower Caves | Learned 4 Factory zone layouts 4254 | -7/Lower Caves | Learned 8 Factory zone layouts 4335 | -7/Lower Caves | Discovered new exit (range 12) 4350 | -7/Lower Caves | Identified exit to Lower Caves 4389 | -7/Lower Caves | Build established: Scavenger-Skirmisher 4417 | -7/Lower Caves | Entered another Lower Caves area 4517 | -7/Lower Caves | Core integrity fell below 50% 4558 | -7/Lower Caves | Lost 13 parts (2p4n2u5w) 4701 | -7/Lower Caves | Found DCF Scrap (11 items) 4789 | -7/Lower Caves | Discovered new exit (range 26) 4848 | -7/Lower Caves | Encountered a Warlord checkpoint 4994 | -7/Lower Caves | Build established: Derelict-Mutant 5322 | -7/Lower Caves | Build established: Derelict-Skirmisher 5410 | -7/Lower Caves | Entered Zion 5440 | -7/Zion | Acquired unknown access codes intercepted by a Zionite 5473 | -7/Zion | System corruption cleaned by Quarantine Array 6059 | -7/Zion | Found Prototype Special Weapon 6059 | -7/Zion | Identified RU-N14's Throwing Claymores 6063 | -7/Zion | Found RU-N14's Throwing Claymores 6068 | -7/Zion | Found RU-N14's Throwing Claymores 6071 | -7/Zion | Found RU-N14's Throwing Claymores 6356 | -7/Zion | Build established: Derelict-Gunner 6480 | -7/Zion | Met Imprinter 6513 | -7/Zion | Imprinted 6515 | -7/Zion | Declared Zion's savior 6803 | -7/Zion | Opened final containment barrier to the Deep Caves 6833 | -7/Zion | Discovered new exit (range 3) 6833 | -7/Zion | Saw the warning signs outside the Deep Caves entrance 7021 | -7/Zion | Found CR-A16's Pointy Stick 7119 | -7/Zion | Found Prototype Device 7119 | -7/Zion | Identified Phasing AFG 7406 | -7/Zion | Given A8's code to call for help 7412 | -7/Zion | Discovered new exit (range 14) 7757 | -7/Zion | Entered Deep Caves 7757 | -7/Deep Caves | Accompanied by 4 allies 7919 | -7/Deep Caves | Attacked by Z-Imprinter 7940 | -7/Deep Caves | Core integrity fell below 20% 7944 | -7/Deep Caves | Destroyed Z-Imprinter 7973 | -7/Deep Caves | Lost 5 parts (2p2n1u) 8097 | -7/Deep Caves | Z-Facility disabled 8424 | -7/Deep Caves | Destroyed self via exploding Z-Power Last Messages --------------- 08100_ MC-4HX(z) destroyed. 08100_ 12-1D7(z) destroyed. 08110_ Acquired 20 matter. 08118_ Acquired Prototype Reactor. 08119_ Dropped Lgt. Deuterium Engine. 08119_ Identified Zio. Light DM Reactor. 08120_ Acquired 10 matter. 08133_ The unstable cave ceiling collapses. 08134_ Acquired Lgt. Deuterium Engine. 08139_ Acquired Prototype Protection. 08140_ Identified Zio. Light Carapace. 08162_ The unstable cave ceiling collapses. 08166_ Acquired 10 matter. 08346_ The unstable cave ceiling collapses. 08424_ RU-N14's Throwing Claymores expended. 08424_ Destroyed Lgt. Ion Engine. 08424_ M8-O3J(o) destroyed. 08424_ Z-Power explodes. [Achievement: Just Browsing] [Achievement: Achiever] Map ----- +----------------------------------------------------+ | ????????????????""" % | | ????????????????"""""" | | ??????????????"""""""" ## # | | ??????????????"""""""" ## # | | ??????????????"""""""" # | | ??????????????""" " " # ## | | ???????????"""" ###? | | ????????""" #??? | | ?????"""" #??? | | "????"""" ##??? | | "????"""""" #???? | | ""?""""""""""o #??? | | ""?""" #??? | | """""" ##??? | | """""" ##???? | | """""" #????? | | """"" ????? | | """" ???? | | """" ???? | | """" ??????? | | """" ????????? | | """" ?????????? | | "" " ?????????? | | ????????? | | ????????? | | @ ????????? | | ????????? | | ????????? | | ?????????? | | %% ##### ?????????? | | % ### ####????## ##??????????? | | #?## ##?????????#####???????????? | | ####??### #####??????????????????????????? | | ###?????###########??????????????????????????????? | | ?????????????????????????????????????????????????? | | | | | | | | | | | | | | | | | | | | | | | | | | | | | | | +----------------------------------------------------+ Best States ------------- Heat Dissipation 60 Energy Generation 27 Energy Capacity 250 Matter Stores 300 Matter Capacity 300 Sight Range 20 Robot Scan Range 15 Terrain Scan Density 10 Additional Mass Support 9 Armor Coverage 400 Power Shielding 33 Weapon Cycling 15 Evasion (%) 55 Recoil Reduction 1 Kinecelleration 30 Item Schematics ----------------- Imp. Heavy Armor Plating | -7/Zion | Archive Plasma Cannon | -7/Zion | Archive Gauss Rifle | -7/Zion | Archive Jamming Amplifier | -7/Zion | Archive Imp. Kinecellerator | -7/Zion | Archive Chainsword | -7/Zion | Archive Imp. Core Shielding | -7/Zion | Archive Lyr. Light Armor Plating | -7/Zion | Archive Imp. Hacking Suite | -7/Zion | Archive Proton Missile Launcher | -7/Zion | Archive Phase Shifter | -7/Zion | Archive Med. Treads | -7/Zion | Archive Power Amplifier | -7/Zion | Archive Arc Projector | -7/Zion | Archive Hvy. Shock Bomb Launcher | -7/Zion | Archive Robot Schematics ------------------ Y-54 Guardian | -7/Zion | Archive A-02 Transporter | -7/Zion | Archive L-41 Fighter | -7/Zion | Archive Fabricated ------------ Nothing Repaired ---------- Aluminum Leg | 3% | -9/Materials Hvy. Assault Rifle | 25% | -8/Materials Carbon-fiber Leg | 3% | -8/Storage Carbon-fiber Leg | 51% | -8/Storage Imp. Aluminum Leg | 45% | -8/Storage Flak Gun | 42% | -8/Storage Imp. Medium Laser | 25% | -7/Factory Carbon-fiber Leg | 74% | -7/Factory Alien Tech Used ----------------- None Achievements -------------- A New Friend Achiever Adventurer Are We The Baddies? Deconstruction Just Browsing Signs Are For Wimps Challenges ------------ None Game ------ Seed SeismicSingularityStick Manual? 0 Play Time 01:21:02 Cumulative 19.7 hours Start 2025.08.15 @ 18:39:05 End 2025.08.15 @ 19:59:02 Sessions 1 Manual Loads 0 Difficulty Rogue Special Mode None Game No. 28 Rogue 28 Adventurer 0 Explorer 0 Win Type - Total 0 Types 0/0/0/0/0/0/0/0/0/0 Lore% 11 Gallery% 25 Achievement% 26 Wizard Run 0 Options --------- Layout 1 ASCII 0 Keyboard 0 Movement Mouse Keybinds 0 Fullscreen 1 Font 24/Smallcaps Map View 50x35 Zoom Use 0% Tactical HUD 1 Map Filters NONE Filters NONE Steam 1 RUN: cc8aa6b7-c90e-4e6a-a409-3caa9f10adcb